 Dungeon Crawl Stone Soup version 0.25.0-10-g039870ee82 (webtiles) character file.

Game seed: 17893672859578617130

2900 schauveau the Basher (level 9, -3/57 HPs)
             Began as a Gargoyle Monk on June 22, 2020.
             Was an Elder of Dithmenos.
             Slain by a two-headed ogre
             ... wielding a +0 giant club
              (13 damage)
             ... on level 9 of the Dungeon.
             The game lasted 00:17:56 (8135 turns).

schauveau the Basher (Gargoyle Monk)                Turns: 8135, Time: 00:17:56

Health: -3/57      AC: 31    Str: 17    XL:     9   Next: 77%
Magic:  18/18      EV:  6    Int: 12    God:    Dithmenos [****..]
Gold:   228        SH:  0    Dex: 12    Spells: 8/8 levels left

rFire    . . .     SeeInvis .   a - +1 flail (protect)
rCold    + . .     Gourm    .   (no shield)
rNeg     + . .     Faith    +   C - +0 plate armour
rPois    ∞         Spirit   .   v - +0 helmet
rElec    +         Reflect  .   H - +0 cloak
rCorr    .         Harm     .   t - +1 pair of gloves
MR       .....                  (no boots)
Stlth    ..........             w - amulet of faith
HPRegen  0.19/turn              g - ring of protection from cold
MPRegen  0.16/turn              k - ring of magical power

@: protection aura, wreathed by umbra
A: negative energy resistance 1, electricity resistance, unbreathing,
petrification resistance, rot immunity, AC +6
a: Shadow Step, Renounce Religion


You were on level 9 of the Dungeon.
You worshipped Dithmenos.
Dithmenos was greatly pleased with you.
You were not hungry.

You visited 2 branches of the dungeon, and saw 10 of its levels.

You collected 444 gold pieces.
You spent 216 gold pieces at shops.

Inventory:

Hand Weapons
 a - a +1 flail of protection (weapon)
 j - a +1 mace
Missiles
 d - 11 boomerangs (quivered)
Armour
 t - a +1 pair of gloves (worn)
 v - a +0 helmet (worn)
 C - a +0 plate armour (worn)
 H - a +0 cloak (worn)
Jewellery
 g - a ring of protection from cold (left hand)
 k - a ring of magical power (right hand)
 w - an amulet of faith (around neck)
 x - an uncursed amulet of magic regeneration
 E - an uncursed amulet of the acrobat {unknown}
 G - an uncursed ring of flight
Wands
 A - a wand of polymorph (22)
 F - a wand of iceblast (13)
Scrolls
 e - 2 scrolls of enchant armour
 h - 3 scrolls of teleportation
 m - 3 scrolls of remove curse
 s - 3 scrolls of amnesia
 y - a scroll of immolation {unknown}
 D - a scroll of enchant weapon
Potions
 b - 2 potions of brilliance
 f - a potion of heal wounds
 i - 3 potions of might
 l - 4 potions of mutation
 n - 4 potions of stabbing
 o - 2 potions of curing
 p - 2 potions of berserk rage {unknown}
 q - 2 potions of cancellation {unknown}
 r - a potion of degeneration {unknown}
 u - 2 potions of haste {unknown}
 z - a potion of flight {unknown}
 B - a potion of magic {unknown}
Comestibles
 c - 12 rations


   Skills:
 + Level 7.3 Fighting
 * Level 9.1 Maces & Flails
 + Level 6.4 Armour
 - Level 2.4 Dodging
 + Level 6.9 Stealth


You had 8 spell levels left.
You didn't know any spells.
Your spell library contained the following spells:

 Spells                   Type           Power        Failure   Level  Hunger
 Magic Dart               Conj           #...         100%        1    ##.....
 Searing Ray              Conj           #.....       100%        2    ###....
 Confusing Touch          Hex            #.......     100%        3    ####...
 Dazzling Flash           Conj/Hex       #.....       100%        3    ####...
 Gell's Gravitas          Tloc           #.........   100%        3    ####...
 Fulminant Prism          Conj/Hex       #.........   100%        4    #####..
 Iskenderun's Mystic Bla  Conj/Tloc      #.......     100%        4    #####..
 Petrify                  Tmut/Erth      #.......     100%        4    #####..
 Metabolic Englaciation   Hex/Ice        #.........   100%        5    ######.
 Yara's Violent Unravell  Hex/Tmut       #.........   100%        5    ######.


Dungeon Overview and Level Annotations

Branches:
Dungeon (9/15)             Temple (1/1) D:4
   Lair: D:8-11         Orc: D:9-12

Altars:
Cheibriados
Dithmenos
Kikubaaqudgha
Makhleb
Okawaru
Xom
Zin

Shops:
D:6 [


Innate Abilities, Weirdness & Mutations

You are resistant to torment.
Your stone body is resilient. (AC +6)
You are immune to poison.
You resist negative energy. (rN+)
You are resistant to electric shocks. (rElec)
You can survive without breathing.
You are immune to petrification.
You are immune to rotting.


Message History

You are too injured to fight recklessly!
The killer bee stings you but does no damage. x2
The killer bee stings you but does no damage.
You miss the killer bee. The killer bee barely misses you.
You barely miss the two-headed ogre. You hit the two-headed ogre.
Your weapon exudes an aura of protection.
The two-headed ogre is lightly wounded.
The two-headed ogre hits you with a +0 giant club.
The two-headed ogre hits you with a +0 giant club!
* * * LOW HITPOINT WARNING * * *
You thump the two-headed ogre!
The two-headed ogre is moderately wounded.
You hit the two-headed ogre but do no damage.
The two-headed ogre is moderately wounded.
The two-headed ogre hits you but does no damage. x2
Your plate armour prevents you from hitting the two-headed ogre.
The two-headed ogre is moderately wounded.
The two-headed ogre hits you with a +0 giant club!
You die...

##### # ###<†(#
#...#####..(#.#
#.........#...#####.#
#...########.yO@....#
# ##########


You could see a two-headed ogre and a killer bee.

Vanquished Creatures
  Pikel (D:5)
  Joseph (D:7)
  Eustachio (D:5)
  A slave (D:5)
  A necrophage (D:7)
  2 orc warriors
  2 ogres
  A centaur (D:6)
  The ghost of IHuginn the Sneak, an amateur OpAs (D:5)
  A big kobold (D:9)
  A bullfrog (D:9)
  3 scorpions
  3 killer bees (D:9)
  A howler monkey (D:4)
  3 crimson imps
  A bullfrog zombie (D:7)
  A quasit (D:9)
  3 hounds (D:6)
  3 jellies (D:6)
  3 orc wizards
  4 orc priests
  6 worker ants
  An iguana (D:4)
  A hound skeleton (D:4)
  A worker ant zombie (D:6)
  11 adders
  2 oozes
  3 adder skeletons
  4 dart slugs
  3 leopard geckos
  16 orcs
  4 giant cockroaches
  8 goblins
  8 hobgoblins
  7 jackals
  3 quokkas
  3 ball pythons
  7 bats
  3 frilled lizards
  A giant cockroach zombie (D:5)
  9 kobolds
  A quokka skeleton (D:4)
  6 rats
146 creatures vanquished.

Vanquished Creatures (others)
  Sigmund (D:5)
  A slave (D:5)
  A crimson imp (D:5)
  A leopard gecko (D:5)
  A ball python (D:1)
  A quokka skeleton (D:5)
6 creatures vanquished.

Grand Total: 152 creatures vanquished

Notes
Turn   | Place    | Note
-------+----------+-------------------------------------------
     0 | D:1      | schauveau the Gargoyle Monk began the quest for the Orb.
     0 | D:1      | Reached XP level 1. HP: 14/14 MP: 1/1
   104 | D:1      | Reached XP level 2. HP: 19/19 MP: 2/2
   199 | D:1      | Reached skill level 1 in Armour
   333 | D:1      | Reached XP level 3. HP: 23/23 MP: 3/3
   786 | D:2      | Found a shadowy altar of Dithmenos.
   802 | D:2      | Became a worshipper of Dithmenos the Shadowed
   802 | D:2      | Reached * piety under Dithmenos
   802 | D:2      | Reached ** piety under Dithmenos
   827 | D:2      | Found a faded altar of an unknown god.
  1183 | D:2      | Reached skill level 4 in Maces & Flails
  1196 | D:2      | Reached XP level 4. HP: 27/29 MP: 4/4
  1314 | D:2      | Found a glowing silver altar of Zin.
  1833 | D:3      | Reached XP level 5. HP: 33/33 MP: 5/5
  2187 | D:4      | Noticed an ogre
  2837 | D:4      | Reached skill level 5 in Maces & Flails
  2837 | D:4      | Reached XP level 6. HP: 32/39 MP: 6/6
  2965 | D:4      | Found a staircase to the Ecumenical Temple.
  2977 | Temple   | Entered the Ecumenical Temple
  3800 | D:4      | Reached *** piety under Dithmenos
  3937 | D:4      | Reached XP level 7. HP: 40/44 MP: 7/7
  3998 | D:4      | Found a snail-covered altar of Cheibriados.
  4137 | D:5      | Entered Level 5 of the Dungeon
  4258 | D:5      | Noticed Eustachio
  4341 | D:5      | Killed Eustachio
  4341 | D:5      | Reached skill level 5 in Fighting
  4441 | D:5      | Reached skill level 6 in Maces & Flails
  4446 | D:5      | Noticed Pikel
  4505 | D:5      | Killed Pikel
  4505 | D:5      | Reached skill level 5 in Stealth
  4505 | D:5      | Reached XP level 8. HP: 21/51 MP: 8/8
  4530 | D:5      | Reached skill level 7 in Maces & Flails
  4534 | D:5      | Noticed Sigmund
  4554 | D:5      | Killed Sigmund
  5077 | D:5      | Found a runed translucent door.
  5077 | D:5      | Noticed IHuginn's ghost (amateur OpAs)
  5294 | D:5      | Killed IHuginn's ghost
  5696 | D:6      | Reached skill level 5 in Armour
  5869 | D:6      | Found Irroikli's Antique Armour Boutique.
  6012 | D:6      | Bought a helmet for 108 gold pieces
  6012 | D:6      | Bought a cloak for 108 gold pieces
  6158 | D:6      | Found a burning altar of Makhleb.
  6158 | D:6      | Found a shimmering altar of Xom.
  6165 | D:6      | Reached **** piety under Dithmenos
  6443 | D:7      | Reached XP level 9. HP: 56/56 MP: 9/9
  6512 | D:7      | Reached skill level 8 in Maces & Flails
  7789 | D:7      | Noticed Joseph
  7820 | D:7      | Killed Joseph
  7960 | D:8      | Noticed a two-headed ogre
  7970 | D:9      | Reached skill level 9 in Maces & Flails
  8135 | D:9      | Slain by a two-headed ogre

Illustrated notes

Levels and vault maps discovered:
D:1:      scummos_arrival_forest, layout_rooms, lemuel_old_faithful
D:2:      layout_rooms, grunt_dithmenos_smoke_and_mirrors, zin_treasury,
          chequers_ecumenical_altar_simple
D:3:      minmay_diamond_boxcup, layout_basic
D:4:      layout_loops_cross, kennysheep_slug_shrine, temple_fountains,
          first_ration, serial_park_tiny_1, minmay_unequal
D:5:      layout_loops_ring, ebering_ghost_sewer_d, uniq_sigmund, uniq_pikel,
          uniq_eustachio
D:6:      layout_loops_ring, grunt_temple_overflow_champion_of_chaos,
          serial_shops, nicolae_shop_waterfront
D:7:      layout_gridville, uniq_joseph
D:8:      layout_loops_ring, nicolae_ashenzari_panopticon,
          grunt_temple_overflow_open, minmay_lair_entry_grove, serial_shops,
          shop
D:9:      layout_loops_cross
Temple:   nicolae_temple_great_sept

Skill      XL: |  1  2  3  4  5  6  7  8  9 |
---------------+----------------------------+-----
Armour         | 1 2 3 4 5 6 |  6.4
Maces & Flails | 4 5 6 7 9 |  9.1
Fighting       | 4 5 6 7 |  7.3
Stealth        | 3 5 6 |  6.9
Dodging        | |  2.4

Action                   |  1- 3 |  4- 6 |  7- 9 || total
-------------------------+-------+-------+-------++-------
Melee: Mace              |   145 |   180 |       ||   325
       Flail             |       |       |   616 ||   616
Throw: Boomerang         |     5 |       |       ||     5
  Use: Scroll            |       |     8 |     5 ||    13
       Potion            |       |     2 |     2 ||     4
  Eat: Chunk             |     1 |     5 |    12 ||    18
       Ration            |       |     1 |     1 ||     2
Armor: Scale mail        |   110 |    89 |       ||   199
       Robe              |     1 |       |       ||     1
       Chain mail        |       |     9 |     3 ||    12
       Plate armour      |       |       |   722 ||   722
Dodge: Dodged            |   160 |   130 |   266 ||   556
